 Dungeon Crawl Stone Soup version 0.30-a0-737-gf23d94013f (webtiles) character file.

Game seed: 3795660125870676128

3271 sircluck the Cleaver (level 10, -6/86 HPs)
             Began as a Hill Orc Fighter on Jan 31, 2023.
             Mangled by an orc knight
             ... wielding a +0 war axe
              (10 damage)
             ... in a bailey on Feb 1, 2023.
             The game lasted 00:37:57 (8645 turns).

sircluck the Cleaver (Hill Orc Fighter)             Turns: 8645, Time: 00:37:58

Health: -6/86      AC: 10    Str: 31    XL:     10   Next: 0%
Magic:  0/10       EV: 11    Int:  6    God:
Gold:   447        SH:  0    Dex: 16    Spells: 9/9 levels left

rFire   . . .      SeeInvis .    g - +6 battleaxe "Widowermaker" {elec, Str+4 Dex+3}
rCold   . . .      Faith    .    (shield currently unavailable)
rNeg    . . .      Spirit   +    b - +0 scale mail
rPois   .          Reflect  .    F - +0 hat
rElec   .          Harm     .    (no cloak)
rCorr   .          Rampage  .    (no gloves)
Will    .....                    (no boots)
Stlth   +                        J - amulet of guardian spirit
HPRegen 0.34/turn                y - ring of wizardry
MPRegen 0.12/turn                (no ring)

@: no status effects
A: iridescent scales 1, agile 1, strong 1
a: no special abilities


You were in a bailey.
You visited 1 branch of the dungeon, and saw 8 of its levels.
You also visited: Sewer and Bailey.

You collected 447 gold pieces.

Inventory:

Hand Weapons
 a - a +0 war axe
 e - a +0 quarterstaff
 g - the +6 battleaxe "Widowermaker" (weapon) {elec, Str+4 Dex+3}
   (You acquired it on level 2 of the Dungeon)

   Str:       It affects your strength (+4).
   Dex:       It affects your dexterity (+3).
 j - a +2 short sword of venom
 n - a +0 sling
 s - a +2 dagger of venom
 z - a +1 hand axe of freezing
 G - a +1 heavy morningstar
 M - a +2 war axe of freezing
 N - a +3 flail
 O - a +6 flail
 R - a +3 great sword
 U - a +4 mace
 V - a +0 shortbow
 Y - a +0 sling
 Z - a +0 morningstar
Missiles
 i - 6 poisoned darts (quivered)
 k - 58 stones
 r - 7 boomerangs
 K - 6 javelins
Armour
 b - a +0 scale mail (worn)
 c - a +0 buckler
 f - a +0 ring mail
 v - a +0 chain mail
 F - a +0 hat (worn)
 L - a +2 buckler
 P - a +0 chain mail
 Q - a +0 kite shield
 S - a +0 troll leather armour
Jewellery
 y - a ring of wizardry (left hand)
 J - an amulet of guardian spirit (around neck)
Wands
 H - a wand of charming (23)
 I - a wand of polymorph (8)
 X - a wand of roots (15)
Scrolls
 l - 2 scrolls of enchant armour {unknown}
 p - 2 scrolls of identify
 t - a scroll of fog {unknown}
 w - a scroll of summoning {unknown}
 x - a scroll of fear {unknown}
 A - 3 scrolls of immolation {unknown}
 B - a scroll of magic mapping {unknown}
 D - 2 scrolls of noise {unknown}
 E - 3 scrolls of vulnerability {unknown}
 T - a scroll of amnesia {unknown}
 W - a scroll of teleportation {unknown}
Potions
 d - 2 potions of might
 h - 4 potions of berserk rage
 m - 2 potions of cancellation {unknown}
 o - a potion of brilliance
 q - 2 potions of lignification {unknown}
 u - a potion of heal wounds
 C - 2 potions of attraction {unknown}


   Skills:
 + Level 7.3 Fighting
 + Level 0.1 Short Blades
 + Level 12.0 Axes
 + Level 2.3 Throwing
 + Level 8.4 Armour
 + Level 2.8 Dodging
 + Level 1.5 Stealth
 + Level 3.6 Shields


You had 9 spell levels left.
You didn't know any spells.
Your spell library contained the following spells:

 Spells                   Type           Power      Damage    Failure   Level
 Shock                    Conj/Air       0%         1d3       34%         1
 Sublimation of Blood     Necr           0%         N/A       45%         2
 Call Canine Familiar     Summ           0%         N/A       69%         3
 Ozocubu's Armour         Ice            0%         N/A       69%         3
 Portal Projectile        Hex/Tloc       0%         N/A       69%         3
 Swiftness                Air            0%         N/A       69%         3
 Airstrike                Air            0%         2d(0-16)  97%         4
 Leda's Liquefaction      Hex/Erth       0%         N/A       97%         4
 Petrify                  Tmut/Erth      0%         N/A       97%         4
 Summon Lightning Spire   Summ/Air       0%         N/A       97%         4
 Irradiate                Conj/Tmut      0%         3d11      100%        5
 Metabolic Englaciation   Hex/Ice        0%         N/A       100%        5
 Simulacrum               Ice/Necr       0%         N/A       100%        6
 Storm Form               Tmut/Air       0%         N/A       100%        7
 Maxwell's Capacitive Co  Air            0%         ∞         100%        8


Dungeon Overview and Level Annotations

Branches:
Dungeon (8/15)             Temple (0/1) D:4           Sewer (visited)
 Bailey (1/1)
   Lair: D:8-11

Altars:
Ashenzari
Dithmenos
Gozag
Hepliaklqana
Nemelex Xobeh
Okawaru
Ru
Trog
The Shining One


Innate Abilities, Weirdness & Mutations

You are partially covered in iridescent scales. (AC +2)
You are agile. (Dex +4, Str/Int -1)
Your muscles are strong. (Str +4, Int/Dex -1)


Message History

You completely miss the orc knight.
The orc knight is heavily wounded.
You hit the orc warrior.
The orc knight hits you with a +0 war axe.
The orc warrior hits you with a +0 hand axe.
You slash the orc knight!
The orc knight is heavily wounded.
You hit the orc warrior.
You kill the orc warrior!
The orc knight hits you with a +0 war axe!
The orc hits you but does no damage.
The orc knight hits you with a +0 war axe!
* * * LOW HITPOINT WARNING * * *
Your Axes skill increases to level 12!
You have reached level 10!
You feel stronger.
You hit the orc knight.
Lightning courses through the orc knight!
The orc knight is almost dead.
You slice the orc!!
You kill the orc!
The orc knight hits you with a +0 war axe!
* * * LOW HITPOINT WARNING * * *
You closely miss the orc knight.
The orc knight is almost dead.
The orc knight barely misses you.
You hit the orc knight but do no damage.
The orc knight is almost dead.
The orc knight barely misses you.
You slash the orc knight!
The orc knight is almost dead.
The orc knight hits you with a +0 war axe!
* * * LOW HITPOINT WARNING * * *
You hit the orc knight but do no damage.
The orc knight is almost dead.
The orc knight closely misses you.
You closely miss the orc knight.
The orc knight is almost dead.
The orc knight hits you with a +0 war axe!
You die...

###.....###♣♣♣.....♣
##.........##......♣♣
#...........#.......♣
#...........'........
#...).⌠.....'..∩.∩..♣
#...).......'........
#...).......#........
###.........##.......♣
###.###@o...###♣♣♣....♣♣
#.....#)#.### ♣♣.♣.♣
......).### ♣♣♣♣♣
.........# .........#
...⌠.....# .........#
.........# ........##


You could see an orc knight.

Vanquished Creatures
  Grinder (D:6)
  Menkaure (D:6)
  Pargi (Sewer)
  2 orc warriors (Bailey)
  2 ice beasts (D:6)
  2 black bears
  An ogre (D:6)
  A centaur (D:7)
  2 phantoms
  A bullfrog (D:6)
  2 gnoll sergeants
  A necrophage (D:6)
  2 scorpions
  13 wights
  2 howler monkeys (D:8)
  4 hounds
  4 orc priests
  Jessica (D:2)
  6 iguanas
  6 orc wizards
  11 gnolls
  10 adders
  A shadow imp (D:6)
  2 white imps (D:7)
  5 dart slugs
  19 orcs
  5 bats
  5 endoplasms
  4 giant cockroaches
  8 goblins
  6 hobgoblins
  3 jackals (D:4)
  5 quokkas
  9 ball pythons
  10 frilled lizards
  6 kobolds
  3 rats
167 creatures vanquished.

Vanquished Creatures (others)
  A fungus (D:8)
  3 plants (D:8)
4 creatures vanquished.

Grand Total: 171 creatures vanquished

Notes
Turn   | Place    | Note
-------+----------+-------------------------------------------
     0 | D:1      | sircluck the Hill Orc Fighter began the quest for the Orb.
     0 | D:1      | Reached XP level 1. HP: 19/19 MP: 1/1
   179 | D:1      | Reached skill level 3 in Axes
   179 | D:1      | Reached XP level 2. HP: 27/27 MP: 2/2
   757 | D:2      | Reached XP level 3. HP: 22/33 MP: 3/3
   841 | D:2      | Identified a scroll of acquirement
   841 | D:2      | Acquired the +6 battleaxe "Widowermaker" {elec, Str+4
                  | Dex+3}
   862 | D:2      | Gained mutation: You are frail. (-10% HP) [potion of
                  | mutation]
   862 | D:2      | Gained mutation: You passively dampen the noise of your
                  | surroundings. [potion of mutation]
   862 | D:2      | Gained mutation: Your movements are slightly less
                  | encumbered by armour. (ER -2) [potion of mutation]
  1222 | D:2      | Noticed Jessica
  1228 | D:2      | Killed Jessica
  1229 | D:2      | Reached XP level 4. HP: 25/36 MP: 4/4
  1304 | D:2      | Reached skill level 4 in Axes
  1715 | D:3      | Found an iron altar of Okawaru.
  1749 | D:3      | Reached XP level 5. HP: 41/41 MP: 5/5
  1766 | D:3      | Found a glowing golden altar of the Shining One.
  2005 | D:3      | Reached skill level 5 in Axes
  2032 | D:3      | Found a glowing drain.
  2046 | Sewer    | Entered a sewer
  2108 | Sewer    | Noticed Pargi
  2122 | Sewer    | Killed Pargi
  2123 | Sewer    | Reached skill level 1 in Dodging
  2123 | Sewer    | Reached XP level 6. HP: 15/47 MP: 6/6
  2879 | D:4      | Upgraded the game from 0.30-a0-728-gc68057be0a to
                  | 0.30-a0-737-gf23d94013f
  2898 | D:4      | Found a staircase to the Ecumenical Temple.
  3272 | D:4      | Reached skill level 5 in Armour
  3301 | D:4      | Reached skill level 6 in Axes
  3340 | D:4      | Reached XP level 7. HP: 47/54 MP: 7/7
  3740 | D:5      | Entered Level 5 of the Dungeon
  3847 | D:5      | Reached skill level 7 in Axes
  4259 | D:5      | Reached skill level 5 in Fighting
  4278 | D:5      | Found a bloodstained altar of Trog.
  4487 | D:5      | Found a broken altar of Ashenzari.
  4757 | D:5      | Reached skill level 8 in Axes
  5174 | D:5      | Lost mutation: You are frail. (-10% HP) [potion of
                  | mutation]
  5174 | D:5      | Lost mutation: You passively dampen the noise of your
                  | surroundings. [potion of mutation]
  5174 | D:5      | Gained mutation: You are agile. (Dex +4, Str/Int -1)
                  | [potion of mutation]
  5174 | D:5      | Gained mutation: You sometimes lose your temper in combat.
                  | [potion of mutation]
  5174 | D:5      | Gained mutation: You are partially covered in iridescent
                  | scales. (AC +2) [potion of mutation]
  5174 | D:5      | Gained mutation: You are mostly covered in iridescent
                  | scales. (AC +4) [potion of mutation]
  5188 | D:5      | Lost mutation: Your movements are slightly less encumbered
                  | by armour. (ER -2) [potion of mutation]
  5188 | D:5      | Lost mutation: You sometimes lose your temper in combat.
                  | [potion of mutation]
  5188 | D:5      | Lost mutation: You are mostly covered in iridescent scales.
                  | (AC +4) [potion of mutation]
  5188 | D:5      | Gained mutation: Your muscles are strong. (Str +4, Int/Dex
                  | -1) [potion of mutation]
  5199 | D:5      | Reached XP level 8. HP: 53/68 MP: 8/8
  5369 | D:6      | Noticed Menkaure
  5387 | D:6      | Killed Menkaure
  5388 | D:6      | Reached skill level 1 in Throwing
  5666 | D:6      | Found a sacrificial altar of Ru.
  6251 | D:6      | Reached skill level 9 in Axes
  6268 | D:6      | Noticed Grinder
  6353 | D:6      | Reached skill level 1 in Stealth
  6369 | D:6      | Killed Grinder
  6584 | D:6      | Reached XP level 9. HP: 75/75 MP: 9/9
  6587 | D:6      | Reached skill level 10 in Axes
  6693 | D:6      | Found a hazy altar of Hepliaklqana.
  6696 | D:6      | Found a faded altar of an unknown god.
  7396 | D:7      | Found a shadowy altar of Dithmenos.
  7396 | D:7      | Found a sparkling altar of Nemelex Xobeh.
  7692 | D:7      | Reached skill level 11 in Axes
  7748 | D:7      | Found an opulent altar of Gozag.
  8432 | D:8      | Found a flagged portal.
  8489 | Bailey   | Entered a bailey
  8623 | Bailey   | Noticed an orc knight
  8640 | Bailey   | Reached skill level 12 in Axes
  8640 | Bailey   | Reached XP level 10. HP: 20/86 MP: 2/10
  8643 | Bailey   | HP: 4/86 [orc knight/+0 war axe (10)]
  8645 | Bailey   | Mangled by an orc knight

Illustrated notes

Levels and vault maps discovered:
D:1:      spicycebolla_green_bress_n_ham, layout_loops_ring, minmay_misc_feat_x,
          hangedman_abyss_or_decor_stabs
D:2:      layout_basic, uniq_jessica
D:3:      layout_loops_ring, okawaru_metal_pillars_1_2,
          nicolae_tso_swordbearing_angel, portal_sewer_entry_d,
          kennysheep_another_room
D:4:      layout_loops_corners, minmay_temple_entry_offerings
D:5:      layout_loops_ring, ashenzari_conservatory_becter, lemuel_tele_altar
D:6:      layout_loops_cross, beargit_hepliaklqana_dungeon_heroes,
          mainiacjoe_overflow_brackets, uniq_menkaure, uniq_grinder
D:7:      layout_basic, lemuel_crystal_altar, gammafunk_temple_overflow_elements
D:8:      layout_basic, dpeg_oklobed_lair, enter_bailey_1,
          minmay_strange_pillars
Bailey:   bailey_axe_minmay_hex_keep, bailey

Skill      XL: |  1  2  3  4  5  6  7  8  9 |
---------------+----------------------------+-----
Axes           | 3 4 5 6 8 9 12 | 12.0
Fighting       | 4 5 6 7 |  7.3
Armour         | 4 5 6 8 |  8.4
Dodging        | 1 2 |  2.8
Throwing       | 1 2 |  2.3
Stealth        | 1 |  1.5
Short Blades   | |  0.1
Shields        | |  3.6

Action                     |  1- 3 |  4- 6 |  7- 9 | 10-12 || total
---------------------------+-------+-------+-------+-------++-------
  Melee: War axe           |    25 |       |       |       ||    25
         Short sword       |    28 |       |       |       ||    28
         Battleaxe         |    13 |   116 |   187 |     6 ||   322
  Throw: Dart              |       |       |    24 |       ||    24
         Stone             |       |       |     5 |       ||     5
    Use: Potion            |     4 |     2 |     8 |       ||    14
         Scroll            |     3 |       |       |       ||     3
 Armour: Scale mail        |    42 |    85 |    97 |       ||   224
  Dodge: Dodged            |    30 |    97 |   142 |     3 ||   272
  Block: Buckler           |    14 |       |       |       ||    14

Table legend: (Time is in decaauts)
 A = Elapsed time spent in this place.
 B = Non-inter-level travel time spent in this place.
 C = Inter-level travel time spent in this place.
 D = Time resting spent in this place.
 E = Time spent auto-exploring this place.
 F = Levels seen in this place.
 G = Mean time per level.
                   A        B        C        D        E       F      G
               +--------+--------+--------+--------+--------+-----+--------+
         Total |   8772 |   8583 |    189 |   2168 |   2147 |  10 |  877.2 |
       Dungeon |   8181 |   7992 |    189 |   1854 |   2122 |   8 | 1022.6 |
         Sewer |    432 |    432 |      0 |    214 |     25 |   1 |  432.0 |
        Bailey |    158 |    158 |      0 |    100 |      0 |   1 |  158.0 |
               +--------+--------+--------+--------+--------+-----+--------+

Top non-repeatable levels by time:
     D:6: 1758 daAuts
     D:5: 1579 daAuts
     D:7: 1347 daAuts
     D:4: 969 daAuts
     D:2: 961 daAuts
     D:3: 761 daAuts
     D:1: 724 daAuts
   Sewer: 432 daAuts
  Bailey: 158 daAuts
     D:8: 78 daAuts
